 Dungeon Crawl Stone Soup version 0.20.1-1-g8b1a95d (webtiles) character file.

41 QuCean the Shield-Bearer (level 3, -1/33 HPs)
             Began as a Minotaur Fighter on Oct 18, 2017.
             Slain by Crazy Yiuf
             ... wielding a +4 quarterstaff of chaos
              (3 damage)
             ... on level 2 of the Dungeon.
             The game lasted 00:04:22 (972 turns).

QuCean the Shield-Bearer (Minotaur Fighter)          Turns: 972, Time: 00:04:22

Health: -1/33      AC:  7    Str: 21    XL:     3   Next: 32%
Magic:  2/2        EV:  7    Int:  5    God:
Gold:   52         SH:  9    Dex:  9    Spells: 2/2 levels left

rFire    . . .     SeeInvis .   a - +0 long sword
rCold    . . .     Gourm    .   c - +0 shield
rNeg     . . .     Faith    .   b - +0 scale mail
rPois    .         Spirit   .   (helmet restricted)
rElec    .         Reflect  .   (no cloak)
rCorr    .         Harm     .   (no gloves)
MR       .....                  (no boots)
Stlth    ..........             (no amulet)
Regen    0.2/turn               (no ring)
MPRegen  0.1/turn               (no ring)

@: no status effects
A: retaliatory headbutt, horns 2
a: no special abilities


You were on level 2 of the Dungeon.
You were not hungry.

You visited 1 branch of the dungeon, and saw 2 of its levels.

You collected 52 gold pieces.

Inventory:

Hand Weapons
 a - a +0 long sword (weapon)
Armour
 b - a +0 scale mail (worn)
 c - a +0 shield (worn)
Scrolls
 e - a scroll of noise {unknown}
 g - 2 scrolls of teleportation {unknown}
 h - a scroll of identify {unknown}
 l - a scroll of immolation {unknown}
 m - 2 scrolls of fog {unknown}
 o - a scroll of remove curse {unknown}
Potions
 d - a potion of might
 j - 2 potions of curing {unknown}
 k - a potion of brilliance {unknown}
 n - a potion of flight {unknown}
 p - a potion of berserk rage {unknown}
Comestibles
 f - 5 bread rations
 i - 3 chunks of flesh


   Skills:
 + Level 4.0 Fighting
 + Level 2.8 Long Blades
 + Level 4.1 Armour
 + Level 4.3 Shields


You had 2 spell levels left.
You didn't know any spells.

Dungeon Overview and Level Annotations

Branches:
Dungeon (2/15)

Altars:

Annotations:
D:2 Crazy Yiuf


Innate Abilities, Weirdness & Mutations

You reflexively headbutt those who attack you in melee.
You have a pair of horns on your head.


Message History

Some of the chunks of flesh in your inventory have rotted away.
There is an open door here.
You hit Crazy Yiuf.
You headbutt Crazy Yiuf, but do no damage.
Crazy Yiuf is lightly wounded.
Crazy Yiuf hits you with a quarterstaff of chaos!
Crazy Yiuf burns you.
You hit Crazy Yiuf but do no damage.
Crazy Yiuf is lightly wounded.
Crazy Yiuf hits you with a quarterstaff of chaos!
* * * LOW HITPOINT WARNING * * *
Crazy Yiuf freezes you.
* * * LOW HITPOINT WARNING * * *
You hit Crazy Yiuf.
Crazy Yiuf is moderately wounded.
You block Crazy Yiuf's attack.
You hit Crazy Yiuf but do no damage.
Crazy Yiuf is moderately wounded.
Crazy Yiuf hits you with a quarterstaff of chaos.
You die...

.... #..##..#... ^... #..###.####
... #..# #....# ......#
#..###..#.# ......+ #.......#.#
......# #.........# ......###♣♣
#### ##.####..## #.........♣♣
♣♣#..)# #..........
#..........♣♣♣♣.@g..# ##.#####.##
#(.......♣..♣..♣#...# #.........
#..........♣.♣♣♣ #### ##..####..#
#......##♣♣♣♣♣ #...# ##.#
#......# #...# #..
.......################...# ##.
..........................######.
..........................#..>...
..#########...............#.#####


You could see Crazy Yiuf.

Vanquished Creatures
  3 oozes (D:1)
  2 leopard geckos
  2 giant cockroaches (D:1)
  2 goblins (D:1)
  3 hobgoblins
  A jackal (D:1)
  2 kobolds (D:2)
  2 quokkas (D:2)
  3 bats (D:1)
  5 frilled lizards
  A rat (D:1)
26 creatures vanquished.

Notes
Turn   | Place    | Note
-------+----------+-------------------------------------------
     0 | D:1      | QuCean the Minotaur Fighter began the quest for the Orb.
     0 | D:1      | Reached XP level 1. HP: 19/19 MP: 0/0
    42 | D:1      | Reached XP level 2. HP: 26/27 MP: 1/1
   333 | D:1      | Reached XP level 3. HP: 33/33 MP: 2/2
   954 | D:2      | Found a runed door.
   967 | D:2      | Noticed Crazy Yiuf
   970 | D:2      | HP: 1/33 [Crazy Yiuf/quarterstaff of chaos (4)]
   972 | D:2      | Slain by Crazy Yiuf

Skill      XL: |  1  2 |
---------------+-------+-----
Shields        | 4 |  4.3
Armour         | 4 |  4.1
Fighting       | 4 |  4.0
Long Blades    | |  2.8

Action                   || total
-------------------------++-------
Melee: Long sword        ||    67
       Headbutt          ||     6
Armor: Scale mail        ||    46
Dodge: Dodged            ||    21
Block: Shield            ||    53
       Rpst.: Long sword ||     5
